 Dungeon Crawl Stone Soup version 0.27.0-1-g7a089689b8 (webtiles) character file.

Game seed: 9633020293587003372

548 horus123 the Chopper (level 6, 0/51 HPs)
             Began as a Demigod Fighter on Aug 1, 2021.
             Slain by an elf zombie (3 damage)
             ... in an ossuary.
             The game lasted 00:11:33 (3340 turns).

horus123 the Chopper (Demigod Fighter)              Turns: 3340, Time: 00:11:33

Health: 0/51       AC: 11    Str: 25    XL:     6   Next: 78%
Magic:  8/8        EV:  6    Int: 10    God:
Gold:   117        SH: 10    Dex: 13    Spells: 5/5 levels left

rFire    . . .     SeeInvis .   a - +0 war axe
rCold    . . .     Faith    .   c - +0 kite shield
rNeg     . . .     Spirit   .   m - +0 chain mail
rPois    .         Reflect  .   g - +1 helmet
rElec    .         Harm     .   (no cloak)
rCorr    .         Rampage  .   (no gloves)
Will     .....                  (no boots)
Stlth    ..........             (no amulet)
HPRegen  0.17/turn              (no ring)
MPRegen  0.11/turn              (no ring)

@: marked
A: high mp 1, forlorn
a: no special abilities


You were in an ossuary.
You visited 1 branch of the dungeon, and saw 4 of its levels.
You also visited: Ossuary.

You collected 117 gold pieces.

Inventory:

Hand Weapons
 a - a +0 war axe (weapon)
Missiles
 n - a throwing net (quivered)
Armour
 c - a +0 kite shield (worn)
 g - a +1 helmet (worn)
 m - a +0 chain mail (worn)
 r - a +1 hat
Jewellery
 d - a ring of wizardry
Scrolls
 f - a scroll of fear
 h - a scroll of teleportation
 l - 2 scrolls of blinking
 p - a scroll of amnesia {unknown}
 q - a scroll of vulnerability {unknown}
 s - a scroll of enchant weapon {unknown}
 t - a scroll of holy word {unknown}
Potions
 b - a potion of curing
 i - a potion of ambrosia {unknown}
 j - a potion of brilliance {unknown}
 k - a potion of invisibility {unknown}
 o - a potion of lignification {unknown}
 u - 4 potions of haste
 v - 2 potions of attraction
 w - 2 potions of heal wounds {unknown}


   Skills:
 + Level 3.5 Fighting
 + Level 4.7 Axes
 + Level 4.2 Armour
 + Level 1.0 Dodging
 + Level 0.4 Stealth
 + Level 3.8 Shields


You had 5 spell levels left.
You didn't know any spells.
Your spell library was empty.

Dungeon Overview and Level Annotations

Branches:
Dungeon (4/15)             Temple (0/1) D:4         Ossuary (1/1)


Innate Abilities, Weirdness & Mutations

Your attributes grow dramatically as you level up.
You have an increased reservoir of magic. (+10% MP)
You shall have no god before yourself.


Message History

The elf zombie barely misses you.
You slash the elf zombie!
The elf zombie is severely damaged.
You slash the elf zombie!
You destroy the elf zombie!
The elf zombie hits you but does no damage.
You hit the elf zombie but do no damage.
The elf zombie is severely damaged.
You block the elf zombie's attack.
You slash the elf zombie!
The elf zombie is severely damaged.
The elf zombie hits you.
* * * LOW HITPOINT WARNING * * *
The elf zombie hits you but does no damage.
You barely miss the elf zombie.
The elf zombie is severely damaged.
The elf zombie hits you but does no damage.
You closely miss the elf zombie.
The elf zombie is severely damaged.
The elf zombie hits you.
* * * LOW HITPOINT WARNING * * *
You slash the elf zombie!
The elf zombie is almost destroyed.
The elf zombie hits you but does no damage.
Your shield and chain mail prevent you from hitting the elf zombie.
The elf zombie is almost destroyed.
The elf zombie hits you but does no damage.
You closely miss the elf zombie.
The elf zombie is almost destroyed.
The elf zombie hits you.
* * * LOW HITPOINT WARNING * * *
You block the elf zombie's attack.
You closely miss the elf zombie.
The elf zombie is almost destroyed.
The elf zombie hits you.
* * * LOW HITPOINT WARNING * * *
You barely miss the elf zombie.
The elf zombie is almost destroyed.
The elf zombie hits you.
You die...

#....................#
#...##############...#
#...#...#...#(...#...#
#...#...#...####.#...#
#...####'........#...#
#...#.....∩.######...#
#...#.......#....#...#
#...#...Z...#..#.#...#
#...#....@..####.#...#
#...#............#...#
#...#.####^.####.#...#
#...#. #..#..#.#...#
#...#. #..#....#...#
#...######^.######...#
#....................#
#........8..8........#
#....................#


You could see an elf zombie.

Vanquished Creatures
  An ogre (D:4)
  2 elf zombies (Ossuary)
  A scorpion (D:4)
  A centaur zombie (Ossuary)
  3 human zombies (Ossuary)
  2 mummies (Ossuary)
  3 adders
  An adder zombie (Ossuary)
  A worm (D:2)
  A dart slug (D:4)
  2 orcs (D:3)
  4 endoplasms
  A giant cockroach (D:1)
  5 goblins
  8 hobgoblins
  11 jackals
  2 quokkas
  7 ball pythons
  5 bats
  5 frilled lizards
  2 goblin zombies (Ossuary)
  14 hobgoblin zombies (Ossuary)
  10 kobolds
  6 kobold zombies (Ossuary)
  7 orc zombies (Ossuary)
  4 rats
109 creatures vanquished.

Notes
Turn   | Place    | Note
-------+----------+-------------------------------------------
     0 | D:1      | horus123 the Demigod Fighter began the quest for the Orb.
     0 | D:1      | Reached XP level 1. HP: 18/18 MP: 3/3
   289 | D:1      | Reached XP level 2. HP: 23/25 MP: 4/4
   991 | D:2      | Reached XP level 3. HP: 31/31 MP: 5/5
  1924 | D:3      | Reached XP level 4. HP: 33/38 MP: 6/6
  2439 | D:4      | Noticed an ogre
  2449 | D:4      | Killed an ogre
  2450 | D:4      | Reached XP level 5. HP: 15/45 MP: 7/7
  2658 | D:4      | Reached skill level 1 in Dodging
  2752 | D:4      | Found a staircase to the Ecumenical Temple.
  2946 | D:4      | Found a sand-covered staircase.
  2952 | Ossuary  | Entered an ossuary
  3108 | Ossuary  | Reached XP level 6. HP: 40/51 MP: 8/8
  3339 | Ossuary  | HP: 2/51 [elf zombie (4)]
  3340 | Ossuary  | Slain by an elf zombie

Illustrated notes

Levels and vault maps discovered:
D:1:      amcnicky_arrival_flooded_fountain, layout_loops_ring
D:2:      layout_loops_ring
D:3:      layout_loops_ring, serial_glass, glass_columns_a, glass_columns_a,
          glass_columns_a, glass_columns_b, due_unseen_surprise,
          item_on_display_a, feat_on_display, item_on_display_a,
          dilly_ecumenical_altar_fadedgnrine
D:4:      layout_cave_pools, temple_pool_b, nicolae_ossuary_entry_plus
Ossuary:  ossuary_tomb_1

Skill      XL: |  1  2  3  4  5  6 |
---------------+-------------------+-----
Armour         | 3 4 |  4.2
Fighting       | 3 |  3.5
Axes           | 2 3 4 |  4.7
Shields        | 3 |  3.8
Dodging        | 1 |  1.0
Stealth        | |  0.4

Action                   |  1- 3 |  4- 6 || total
-------------------------+-------+-------++-------
Melee: War axe           |   146 |   181 ||   327
  Use: Scroll            |     5 |     5 ||    10
       Potion            |       |     2 ||     2
Armor: Scale mail        |    43 |       ||    43
       Chain mail        |    38 |    99 ||   137
Dodge: Dodged            |    43 |    41 ||    84
Block: Kite shield       |    86 |    91 ||   177
